 Dungeon Crawl Stone Soup version 0.31-a0-816-gd61d57ddb1 (webtiles) character file.

Game seed: 8353259166938633042

76 Maratek the Ducker (level 4, -2/31 HPs)
             Began as a Djinni Hedge Wizard on Sept 22, 2023.
             Was a Believer of Dithmenos.
             Slain by an adder (4 damage)
             ... on level 2 of the Dungeon.
             The game lasted 00:02:38 (1411 turns).

Maratek the Ducker (Djinni Hedge Wizard)            Turns: 1411, Time: 00:02:38

Health: -2/31      AC:  3    Str:  9    XL:     4   Next: 57%
Gold:   92         EV: 13    Int: 18    God:    Dithmenos [**....] SH:  0 Dex: 12

rFire   + + .        h - +1 dagger (drain)
rCold   x . .        (no shield)
rNeg    . . .        b - +0 robe
rPois   ∞            c - +0 hat
rElec   .            (no cloak)
rCorr   .            j - +0 pair of gloves
SInv    .            (boots unavailable)
Will    .....        (no amulet)
Stlth   +++          (no ring)
HPRegen 0.25/turn    (no ring)
MPRegen 0.00/turn

%: infuse magic (-3 HP)
@: flying, wreathed by umbra
A: sickness immunity, fire resistance 2, cold vulnerability 1, float, innate
caster, HP casting, extra vitality 1
a: Renounce Religion, Shadow Step


You were on level 2 of the Dungeon.
You worshipped Dithmenos.
Dithmenos was pleased with you.
You visited 1 branch of the dungeon, and saw 2 of its levels.

You collected 92 gold pieces.

Inventory:

Hand Weapons
 h - a +1 dagger of draining (weapon)
Armour
 b - a +0 robe (worn)
 c - a +0 hat (worn)
 j - a +0 pair of gloves (worn)
Scrolls
 a - a scroll of vulnerability {unknown}
 d - a scroll of brand weapon {unknown}
 g - a scroll of identify {unknown}
Potions
 e - a potion of heal wounds {unknown}
 f - a potion of degeneration {unknown}
 i - a potion of enlightenment {unknown}


   Skills:
 + Level 3.6 Dodging
 + Level 2.8 Stealth
 + Level 3.0 Spellcasting
 + Level 3.0 Conjurations
 + Level 3.0 Hexes
 + Level 3.0 Summonings
 + Level 3.0 Necromancy
 + Level 3.0 Translocations
 + Level 3.0 Transmutations
 + Level 3.0 Fire Magic
 + Level 3.0 Ice Magic
 + Level 3.0 Air Magic
 + Level 3.0 Earth Magic
 + Level 3.0 Poison Magic


You knew the following spells:

 Your Spells              Type           Power      Damage    Failure   Level
a - Magic Dart            Conj           52%        1d5       4%          1
b - Slow                  Hex            52%        N/A       4%          1
c - Blink                 Tloc           26%        N/A       7%          2
d - Call Imp              Summ           26%        N/A       7%          2
e - Mephitic Cloud        Conj/Pois/Air  13%        N/A       14%         3
f - Foxfire               Conj/Fire      52%        2x1d6     4%          1
Your spell library was empty.

Dungeon Overview and Level Annotations

Branches:
Dungeon (2/15)

Altars:
Dithmenos


Innate Abilities, Weirdness & Mutations

You are immune to sickness and miasma.
You are immune to poison.
Your flesh is very heat resistant. (rF++)
You are vulnerable to cold. (rC-)
You float through the air rather than walking.
You learn spells naturally, not from books.
Your magical power is your life essence.
You have superior vitality. (+4 MHP)


Message History

The dart slug is severely wounded.
A rat comes into view.
The magic dart hits the dart slug but does no damage.
The dart slug is severely wounded.
An adder comes into view.
You miscast Magic Dart.
You are very lightly contaminated with residual magic.
Nothing appears to happen.
The adder hisses angrily.
The magic dart hits the dart slug but does no damage.
The dart slug is severely wounded.
The magic dart hits the dart slug but does no damage.
The dart slug is severely wounded.
The magic dart hits the dart slug.
The dart slug is almost dead.
The magic dart hits the dart slug.
You kill the dart slug!
Dithmenos accepts your kill.
The magic dart hits the adder.
The adder is moderately wounded.
The adder bites you. The endoplasm freezes you.
You are frozen!
You feel a terrible chill!
You are too injured to fight recklessly!
You are too injured to fight recklessly!
You are too injured to fight recklessly!
You are too injured to fight recklessly!
You are too injured to fight recklessly!
The adder bites you.
* * * LOW HITPOINT WARNING * * *
The adder bites you but does no damage. The adder bites you.
* * * LOW HITPOINT WARNING * * *
Your magical contamination has completely faded away.
The adder attacks as it pursues you! The adder bites you.
* * * LOW HITPOINT WARNING * * *
The adder attacks as it pursues you! The adder completely misses you.
The adder bites you.
* * * LOW HITPOINT WARNING * * *
The adder attacks as it pursues you! The adder bites you.
You die...

#
..##########################
.............#.....#....##..
...).##...#..#.#...#.##..##.
#...r.#.#....#.#.#..##..##
'†...##.J#.S@#..#.#.....##..#
........S...#...)#.....)##..
############################


You could see 2 adders.

Vanquished Creatures
  An adder (D:2)
  5 dart slugs
  6 ball pythons
  8 bats
  3 endoplasms
  4 giant cockroaches
  7 goblins
  4 hobgoblins (D:1)
  2 quokkas
  2 frilled lizards
  4 kobolds
  8 rats
54 creatures vanquished.

Notes
Turn   | Place    | Note
-------+----------+-------------------------------------------
     0 | D:1      | Maratek the Djinni Hedge Wizard began the quest for the
                  | Orb.
     0 | D:1      | Maratek set off with the following spells memorised: Magic
                  | Dart, Slow, Blink, Call Imp, Mephitic Cloud.
     0 | D:1      | Reached XP level 1. HP: 15/15 MP: 0/0
    80 | D:1      | Reached XP level 2. HP: 19/21 MP: 0/0
   212 | D:1      | Found a faded altar of an unknown god.
   217 | D:1      | Prayed at the altar of an unknown god.
   217 | D:1      | Became a worshipper of Dithmenos the Shadowed
   217 | D:1      | Reached * piety under Dithmenos
   314 | D:1      | Reached XP level 3. HP: 24/25 MP: 0/0
   314 | D:1      | Learned a level 1 spell: Foxfire
  1033 | D:2      | Reached ** piety under Dithmenos
  1034 | D:2      | Reached XP level 4. HP: 21/31 MP: 0/0
  1408 | D:2      | HP: 1/31 [adder (2)]
  1411 | D:2      | Slain by an adder

Illustrated notes

Levels and vault maps discovered:
D:1:      lemuel_arrival_lava_pool, layout_basic, ebering_ecumenical_altar_box,
          corexii_leaking_fountain
D:2:      minmay_thinvault, layout_rooms

Skill      XL: |  1  2  3  4 |
---------------+-------------+-----
Stealth        | 2 |  2.8
Dodging        | 3 |  3.6
Spellcasting   | 3 |  3.0
Conjurations   | 3 |  3.0
Hexes          | 3 |  3.0
Summonings     | 3 |  3.0
Necromancy     | 3 |  3.0
Translocations | 3 |  3.0
Transmutations | 3 |  3.0
Fire Magic     | 3 |  3.0
Ice Magic      | 3 |  3.0
Air Magic      | 3 |  3.0
Earth Magic    | 3 |  3.0
Poison Magic   | 3 |  3.0

Action                     |  1- 3 |  4- 6 || total
---------------------------+-------+-------++-------
   Cast: Magic Dart        |    80 |    44 ||   124
 Armour: Robe              |     1 |    11 ||    12
  Dodge: Dodged            |     6 |     2 ||     8

Table legend: (Time is in decaauts)
 A = Elapsed time spent in this place.
 B = Non-inter-level travel time spent in this place.
 C = Inter-level travel time spent in this place.
 D = Time resting spent in this place.
 E = Time spent auto-exploring this place.
 F = Levels seen in this place.
 G = Mean time per level.
                   A        B        C        D        E       F      G
               +--------+--------+--------+--------+--------+-----+--------+
         Total |   1410 |   1410 |      0 |      0 |   1165 |   2 |  705.0 |
       Dungeon |   1410 |   1410 |      0 |      0 |   1165 |   2 |  705.0 |
               +--------+--------+--------+--------+--------+-----+--------+

Top non-repeatable levels by time:
     D:1: 906 daAuts
     D:2: 503 daAuts
